AoeStats
← Marta

Hill Fort

506580652Analyzed
3v3 RM · 20d ago on Sep 14, 2026· 46m 0s· 6 players
Game mode
Random Map
Map size
Normal (6 player)
Population
200
Speed
Normal
Resources
Standard
Victory
Conquest
Starting age
Dark Age
Ending age
Imperial Age
RankedLock teamsTeams togetherTeam positionsShared explorationLock speedFull tech treeHidden civsTurbo modeCheats
Victory
Defeat
🇨🇳 Shu · China
1287
+12
🇧🇬 Byzantines · Bulgaria
1214
+15
🇱🇾 Ethiopians · Libya
1174
+17
🇦🇷 Britons · Argentina
1248
-17
🇦🇷 Slavs · Argentina
1233
-16
🇦🇷 Georgians · Argentina
1092
-11
Yahel
9:28 Loom
11:14 Feudal Age
12:47 Double-Bit Axe
13:28 Loom
17:57 Castle Age
16:24 Fletching
16:27 Stone Mining
16:32 Gold Mining
16:27 Horse Collar
17:04 Fletching
18:47 Bow Saw
20:24 Wheelbarrow
20:49 Bodkin Arrow
21:01 Scale Barding Armor
29:43 Imperial Age
27:38 Husbandry
28:34 Hand Cart
29:21 Scale Barding Armor
30:15 Forging
30:25 Chain Barding Armor
31:19 Conscription
32:40 Two-Man Saw
31:52 Light Cavalry
33:15 Plate Barding Armor
34:23 Logistica
35:29 Gold Shaft Mining
34:43 Hussar
37:04 Ballistics
37:44 Chemistry
36:41 Murder Holes
37:16 Treadmill Crane
37:02 Capped Ram
38:17 Heavy Plow
38:10 Siege Ram
40:08 Iron Casting
45:28 Cavalier
fengyiwui
10:39 Feudal Age
11:25 Double-Bit Axe
11:25 Horse Collar
14:58 Wheelbarrow
19:02 Castle Age
17:31 Fletching
17:42 Padded Archer Armor
17:38 Gold Mining
18:05 Town Watch
19:56 Bow Saw
19:16 Crossbowman
20:34 Bodkin Arrow
21:02 Thumb Ring
22:44 Ballistics
33:08 Imperial Age
31:00 Hand Cart
31:18 Leather Archer Armor
32:23 Loom
32:40 Heavy Plow
33:18 Gold Shaft Mining
32:35 Stone Mining
33:18 Arbalester
34:03 Bracer
34:34 Ring Archer Armor
35:07 Chemistry
34:38 Siege Engineers
35:35 Bolt Magazine
35:59 Conscription
36:05 Forging
36:01 Scale Barding Armor
37:47 Two-Man Saw
36:27 Heavy Hei Guang Cavalry
37:08 Husbandry
37:01 Light Cavalry
39:05 Chain Barding Armor
40:20 Plate Barding Armor
40:00 Masonry
salah.7nwiji
9:08 Loom
10:54 Feudal Age
12:34 Double-Bit Axe
16:24 Castle Age
15:11 Horse Collar
16:15 Fletching
17:46 Crossbowman
23:11 Wheelbarrow
23:33 Bow Saw
23:48 Heavy Plow
24:18 Bodkin Arrow
24:32 Stone Mining
25:56 Hand Cart
25:54 Town Watch
26:19 Gold Mining
27:45 Padded Archer Armor
28:05 Town Patrol
28:23 Scale Mail Armor
29:42 Ballistics
29:35 Masonry
30:08 Gold Shaft Mining
30:08 Stone Shaft Mining
32:19 Imperial Age
31:01 Thumb Ring
31:41 Chain Mail Armor
33:01 Leather Archer Armor
32:57 Forging
34:08 Chemistry
33:10 Bracer
32:48 Arbalester
33:55 Bracer
34:29 Conscription
35:01 Architecture
35:08 Ring Archer Armor
37:14 Ring Archer Armor
36:56 Forging
38:19 Torsion Engines
38:54 Plate Mail Armor
38:14 Capped Ram
38:37 Halberdier
39:19 Squires
39:56 Iron Casting
40:18 Siege Engineers
40:11 Murder Holes
42:21 Blast Furnace
43:13 Arson
45:32 Two-Man Saw
44:28 Siege Ram
|WolkF|
11:16 Feudal Age
16:05 Castle Age
17:59 Double-Bit Axe
18:05 Horse Collar
30:23 Wheelbarrow
30:32 Town Watch
30:32 Loom
35:19 Hand Cart
39:00 Imperial Age
37:16 Fletching
37:26 Padded Archer Armor
37:31 Scale Barding Armor
37:13 Elite Skirmisher
40:02 Bodkin Arrow
44:21 Imperial Age
41:42 Pikeman
42:35 Forging
42:26 Scale Mail Armor
44:24 Iron Casting
44:26 Halberdier
45:23 Chain Mail Armor
45:23 Leather Archer Armor
45:15 Druzhina
Marta
11:36 Feudal Age
11:50 Loom
15:25 Castle Age
13:24 Double-Bit Axe
13:20 Horse Collar
16:41 Bow Saw
16:35 Heavy Plow
21:31 Wheelbarrow
21:05 Town Watch
23:05 Fletching
23:15 Padded Archer Armor
23:06 Fletching
23:16 Padded Archer Armor
27:55 Hand Cart
32:57 Imperial Age
30:21 Fletching
30:31 Padded Archer Armor
31:40 Caravan
32:10 Coinage
32:26 Bodkin Arrow
32:46 Leather Archer Armor
32:54 Leather Archer Armor
33:25 Ballistics
33:42 Fortified Wall
33:50 Bracer
34:21 Ring Archer Armor
34:54 Chemistry
34:25 Elite Longbowman
35:57 Conscription
35:49 Pikeman
36:29 Squires
36:15 Arson
36:41 Forging
36:31 Scale Mail Armor
36:41 Forging
37:50 Banking
37:30 Guilds
36:47 Halberdier
38:03 Iron Casting
38:09 Iron Casting
38:21 Chain Mail Armor
38:32 Chain Mail Armor
39:37 Yeomen
39:26 Warwolf
40:01 Hoardings
40:10 Hoardings
40:38 Plate Mail Armor
41:09 Blast Furnace
Flangosta
9:28 Feudal Age
16:34 Castle Age
15:14 Double-Bit Axe
15:55 Horse Collar
18:52 Bow Saw
23:02 Heavy Plow
23:25 Stone Mining
24:52 Wheelbarrow
24:07 Loom
27:49 Hand Cart
29:32 Gold Mining
30:43 Town Watch
31:11 Scale Barding Armor
31:16 Forging
32:12 Town Patrol
35:51 Imperial Age
35:07 Chain Barding Armor
34:58 Forging
36:19 Bloodlines
36:51 Husbandry
37:14 Conscription
38:03 Plate Barding Armor
38:03 Iron Casting
44:12 Blast Furnace
42:51 Elite Monaspa
44:51 Aznauri Cavalry
Connection lost

Rejoining the realm…

Still unreachable

The connection could not be restored.

Session expired

The server has moved on; the page needs a fresh start.